 Dungeon Sprint DCSS version 0.20-a0-1006-ge6c5631 (webtiles) character file.

9689 Roshambo the Impaler (level 11, -6/95 HPs)
             Began as a Demonspawn Berserker on Apr 14, 2017.
             Was the Champion of Trog.
             Mangled by an orc knight
             ... wielding a +1 great mace of protection
              (30 damage)
             ... in the Dungeon (Sprint IX: "|||||||||||||||||||||||||||||").
             The game lasted 00:04:55 (2484 turns).

Roshambo the Impaler (Demonspawn Berserker)         Turns: 2484, Time: 00:04:56

Health: -6/95      AC: 12    Str: 18    XL:     11   Next: 26%
Magic:  0/18       EV: 16    Int: 11    God:    Trog [******]
Gold:   1603       SH:  0    Dex: 23    Spells: 10/10 levels left

rFire    . . .     SeeInvis .   m - +2 halberd (venom)
rCold    . . .     Gourm    .   (shield currently unavailable)
rNeg     . . .     Faith    .   p - +2 ring mail
rPois    .         Spirit   +   C - +0 helmet
rElec    .         Reflect  .   y - +0 cloak
rCorr    .         Harm     .   n - +0 pair of gloves
MR       .....     NoTele   +   (no boots)
Stlth    +++++++...             (no amulet)
Regen    0.3/turn               q - +3 ring of dexterity
MPRegen  0.4/turn               r - +3 ring of intelligence

@: exhausted, slowed, very slow
A: thin skeletal structure 2, nightstalker 2, magic shield, magic regeneration
a: Berserk, Trog's Hand, Brothers in Arms, Burn Spellbooks, Renounce Religion


You were in the Dungeon.
You worshipped Trog.
Trog was exalted by your worship.
You were not hungry.

You visited 1 branch You collected 1603 gold pieces.

Inventory:

Hand Weapons
 a - a +0 halberd of freezing
 b - a +0 antimagic bardiche
 m - a +2 halberd of venom (weapon)
Armour
 n - a +0 pair of gloves (worn)
 p - a +2 ring mail (worn)
 y - a +0 cloak (worn)
 C - a +0 helmet (worn)
Magical Staves
 o - an uncursed staff of death
Jewellery
 q - a +3 ring of dexterity (left hand)
 r - a +3 ring of intelligence (right hand)
Wands
 l - a wand of iceblast (7/15)
Scrolls
 i - 3 scrolls of blinking
 k - 4 scrolls of remove curse
 s - a scroll of recharging
 t - a scroll of fog
 u - 2 scrolls of enchant weapon
Potions
 d - 7 potions of curing
 e - 6 potions of heal wounds
 f - 2 potions of haste
 g - 4 potions of magic
 h - a potion of berserk rage
 j - a potion of invisibility
Comestibles
 c - 14 bread rations
 z - 40 fruits
 A - 11 meat rations


   Skills:
 + Level 11.8 Fighting
 * Level 16.4 Polearms
 + Level 7.4 Armour
 + Level 6.4 Dodging
 * Level 10.8 Stealth
 * Level 9.8 Evocations


You had 10 spell levels left.
You didn't know any spells.

Dungeon Overview and Level Annotations

Branches:
Dungeon (1/1)

Altars:
Cheibriados
Dithmenos
Elyvilon
Fedhas
Gozag
Hepliaklqana
Kikubaaqudgha
Makhleb
Nemelex Xobeh
Okawaru
Qazlal
Ru
Sif Muna
Trog
Uskayaw
Vehumet
Wu Jian
Xom
Yredelemnul
Zin
The Shining One
Beogh
Jiyva
Lugonu

Shops:
D =:(?


Innate Abilities, Weirdness & Mutations

You have a moderately thin skeletal structure. (Dex +4, Stealth+)
You are significantly more attuned to the shadows.
When hurt, damage is shared between your health and your magic reserves.
You regenerate magic rapidly.


Message History

You barely miss the orc knight.
The orc knight roars a battlecry!
The orc knight goes into a battle-frenzy!
The orc knight shouts!
You hit the orc knight.
The orc knight is poisoned.
The orc knight is lightly wounded.
The orc knight hits you with a great mace of protection!!!
You closely miss the orc knight.
The orc knight is lightly wounded.
The orc knight hits you with a great mace of protection!!
You are too injured to fight recklessly!
Your iron troll goes berserk!
You feel somewhat more hungry.
The orc knight hits you with a great mace of protection!!
* * * LOW HITPOINT WARNING * * *
The orc knight no longer looks unusually strong.
The orc knight roars a battlecry!
The orc knight goes into a battle-frenzy!
The orc knight hits you with a great mace of protection!!!
You die...

▓)▓.▓'▓.▓'▓
▓.▓.▓.▓.▓.▓
▓.▓.▓†▓.▓?▓
▓.▓.▓÷▓.▓|▓
▓.▓.▓.▓.▓)▓
▓∩▓.▓.▓.▓.▓
▓.▓.▓.▓.▓.▓
▓T▓.▓.▓.▓.▓
▓@▓.▓.▓.▓.▓
▓o▓.▓(▓.▓.▓
▓$▓.▓.▓.▓[▓
▓o▓.▓(▓.▓(▓
▓o▓.▓.▓.▓.▓
▓.▓.▓'▓.▓.▓
▓.▓.▓.▓.▓.▓
▓.▓.▓.▓.▓
▓.▓[▓.▓(▓


You could see 2 orc knights, an orc warrior and a friendly iron troll (berserk).

Vanquished Creatures
  A centaur warrior (D)
  7 orc knights (D)
  An orc sorcerer (D)
  A black mamba (D)
  A spiny frog (D)
  3 polar bears (D)
  A wraith (D)
  A yak (D)
  A basilisk (D)
  3 water moccasins (D)
  3 porcupines (D)
  9 orc warriors (D)
  5 black bears (D)
  3 ogres (D)
  A necrophage (D)
  A phantom (D)
  3 crocodiles (D)
  A crimson imp (D)
  6 orc priests (D)
  3 orc wizards (D)
  2 adder skeletons (D)
  A leopard gecko (D)
  5 orcs (D)
  A bat skeleton (D)
  A hobgoblin (D)
  A jackal (D)
  A quokka (D)
  3 kobolds (D)
70 creatures vanquished.

Vanquished Creatures (collateral kills)
  2 orc knights (D)
  A spiny frog (D)
  A hippogriff (D)
  A yak (D)
  A water moccasin (D)
  5 orc warriors (D)
  2 crocodiles (D)
13 creatures vanquished.

Grand Total: 83 creatures vanquished

Notes
Turn   | Place    | Note
-------+----------+-------------------------------------------
     0 | D        | Roshambo the Demonspawn Berserker began the quest for the Orb.
     0 | D        | Reached XP level 1. HP: 18/18 MP: 1/1
     9 | D        | Reached skill level 3 in Polearms
    16 | D        | Reached ** piety under Trog
    22 | D        | Reached skill level 4 in Polearms
   179 | D        | Noticed an ogre
   188 | D        | Killed an ogre
   188 | D        | Reached *** piety under Trog
   188 | D        | Reached skill level 8 in Polearms
   188 | D        | Gained mutation: You have a somewhat thin skeletal structure. (Dex +2, Stealth) [demonic ancestry]
   188 | D        | Reached XP level 2. HP: 24/24 MP: 2/2
   188 | D        | Reached XP level 3. HP: 29/29 MP: 3/3
   188 | D        | Gained mutation: You have a moderately thin skeletal structure. (Dex +4, Stealth+) [demonic ancestry]
   188 | D        | Reached XP level 4. HP: 35/35 MP: 4/4
   226 | D        | Found a roughly hewn altar of Beogh.
   226 | D        | Found a snail-covered altar of Cheibriados.
   226 | D        | Found a shadowy altar of Dithmenos.
   226 | D        | Found a white marble altar of Elyvilon.
   226 | D        | Found a blossoming altar of Fedhas.
   226 | D        | Found an opulent altar of Gozag.
   227 | D        | Found a hazy altar of Hepliaklqana.
   228 | D        | Found a viscous altar of Jiyva.
   229 | D        | Found an ancient bone altar of Kikubaaqudgha.
   230 | D        | Found a corrupted altar of Lugonu.
   231 | D        | Found a burning altar of Makhleb.
   232 | D        | Found a sparkling altar of Nemelex Xobeh.
   233 | D        | Found an iron altar of Okawaru.
   234 | D        | Found a stormy altar of Qazlal.
   235 | D        | Found a sacrificial altar of Ru.
   236 | D        | Found a deep blue altar of Sif Muna.
   237 | D        | Found a bloodstained altar of Trog.
   238 | D        | Found a hide-covered altar of Uskayaw.
   239 | D        | Found a radiant altar of Vehumet.
   240 | D        | Found an ornate altar of the Wu Jian Council.
   241 | D        | Found a shimmering altar of Xom.
   242 | D        | Found a basalt altar of Yredelemnul.
   243 | D        | Found a glowing silver altar of Zin.
   244 | D        | Found a glowing golden altar of the Shining One.
   273 | D        | Noticed an orc warrior
   273 | D        | Noticed a yak
   273 | D        | Noticed an ogre
   273 | D        | Noticed an ogre
   277 | D        | Reached **** piety under Trog
   277 | D        | Reached skill level 9 in Polearms
   277 | D        | Reached skill level 1 in Stealth
   281 | D        | Killed an orc warrior
   281 | D        | Reached skill level 5 in Fighting
   281 | D        | Reached XP level 5. HP: 44/44 MP: 5/5
   289 | D        | Killed a yak
   289 | D        | Reached skill level 10 in Polearms
   289 | D        | Reached XP level 6. HP: 53/53 MP: 6/6
   296 | D        | Reached ***** piety under Trog
   296 | D        | Reached skill level 11 in Polearms
   296 | D        | Reached skill level 5 in Stealth
   296 | D        | Gained mutation: When hurt, damage is shared between your health and your magic reserves. [demonic ancestry]
   296 | D        | Reached XP level 7. HP: 60/60 MP: 7/7
   496 | D        | Noticed a centaur warrior
   496 | D        | Noticed a wraith
   501 | D        | Killed a centaur warrior
   501 | D        | Reached skill level 12 in Polearms
   501 | D        | Reached XP level 8. HP: 51/69 MP: 4/10
   512 | D        | Received a gift from Trog
   744 | D        | Noticed a spiny frog
   744 | D        | Noticed a hippogriff
   752 | D        | Killed a spiny frog
   752 | D        | Reached skill level 5 in Dodging
   752 | D        | Reached skill level 5 in Evocations
   756 | D        | Gained mutation: You are slightly more attuned to the shadows. [demonic ancestry]
   756 | D        | Reached XP level 9. HP: 71/77 MP: 4/12
   757 | D        | Received a gift from Trog
   757 | D        | Reached skill level 13 in Polearms
   762 | D        | Noticed a spiny frog
   771 | D        | Killed a spiny frog
   771 | D        | Reached skill level 10 in Fighting
   982 | D        | Reached skill level 5 in Armour
  1283 | D        | Noticed a black mamba
  1289 | D        | Received a gift from Trog
  1294 | D        | Killed a black mamba
  1294 | D        | Reached skill level 14 in Polearms
  1393 | D        | Noticed a polar bear
  1393 | D        | Noticed a polar bear
  1393 | D        | Noticed a polar bear
  1397 | D        | Killed a polar bear
  1397 | D        | Gained mutation: You are significantly more attuned to the shadows. [demonic ancestry]
  1397 | D        | Reached XP level 10. HP: 86/86 MP: 15/15
  1420 | D        | Reached ****** piety under Trog
  1433 | D        | Received a gift from Trog
  1682 | D        | Noticed an orc knight
  1697 | D        | Killed an orc knight
  1697 | D        | Received a gift from Trog
  1939 | D        | Noticed an orc knight
  1939 | D        | Noticed an orc sorcerer
  1939 | D        | Noticed an orc knight
  1947 | D        | Killed an orc knight
  1947 | D        | Reached skill level 15 in Polearms
  1952 | D        | Killed an orc sorcerer
  1952 | D        | Reached skill level 10 in Stealth
  1963 | D        | Killed an orc knight
  1963 | D        | Received a gift from Trog
  1973 | D        | Noticed an orc knight
  1978 | D        | Killed an orc knight
  1981 | D        | Noticed an orc knight
  1985 | D        | Killed an orc knight
  1986 | D        | Received a gift from Trog
  2300 | D        | Noticed an orc knight
  2300 | D        | Noticed an orc knight
  2308 | D        | Gained mutation: You regenerate magic rapidly. [demonic ancestry]
  2308 | D        | Reached XP level 11. HP: 93/93 MP: 7/18
  2318 | D        | Killed an orc knight
  2325 | D        | Killed an orc knight
  2325 | D        | Reached skill level 16 in Polearms
  2441 | D        | Found Onus Sau's Jewellery Emporium.
  2445 | D        | Found Coahezox's Book Shoppe.
  2449 | D        | Found Selup's Weapon Emporium.
  2450 | D        | Noticed an orc knight
  2451 | D        | Found Puevym's Magic Scroll Shoppe.
  2452 | D        | Noticed an orc knight
  2461 | D        | Killed an orc knight
  2461 | D        | Received a gift from Trog
  2470 | D        | Killed an orc knight
  2478 | D        | Noticed an orc knight
  2480 | D        | Noticed an orc knight
  2484 | D        | Mangled by an orc knight

Vault maps used:
D:        linesprint

Skill      XL: |  1  2  3  4  5  6  7  8  9 10 11 |
---------------+----------------------------------+-----
Polearms       | 8 9 10 11 12 14 15 16 | 16.4
Armour         | 2 3 4 5 7 |  7.4
Dodging        | 2 3 4 5 6 |  6.4
Stealth        | 3 4 5 6 7 9 10 | 10.8
Fighting       | 5 6 7 8 9 10 11 | 11.8
Evocations     | 3 5 7 9 |  9.8

Action                   |  1- 3 |  4- 6 |  7- 9 | 10-12 || total
-------------------------+-------+-------+-------+-------++-------
Melee: Spear             |    24 |     8 |       |       ||    32
       Halberd           |       |    21 |    38 |   140 ||   199
       Glaive            |       |       |    42 |       ||    42
Invok: Berserk           |     2 |     1 |     5 |     4 ||    12
       Trog's Hand       |       |       |     2 |       ||     2
       Brothers in Arms  |       |       |     1 |     3 ||     4
  Use: Potion            |       |       |     1 |       ||     1
       Scroll            |       |       |     1 |       ||     1
 Stab: Distracted        |       |       |       |     1 ||     1
       Sleeping          |       |       |       |     1 ||     1
  Eat: Chunk             |       |       |     9 |     5 ||    14
       Meat ration       |       |       |       |     1 ||     1
Armor: Animal skin       |     2 |     1 |       |       ||     3
       Ring mail         |       |       |     9 |    11 ||    20
Dodge: Dodged            |    11 |     4 |    34 |    27 ||    76
